 Dungeon Crawl Stone Soup version 0.30-a0-40-gc6d0f036a7 (webtiles) character file.

Game seed: 16742018873595856074

114 ytrimaz the Insei (level 4, 0/42 HPs)
             Began as an Octopode Transmuter on Aug 29, 2022.
             Slain by a gnoll
             ... wielding a +0 whip
              (2 damage)
             ... on level 2 of the Dungeon.
             The game lasted 00:01:39 (2258 turns).

ytrimaz the Insei (Octopode Transmuter)             Turns: 2258, Time: 00:01:39

Health: 0/42       AC: 22    Str:  9    XL:     4   Next: 98%
Magic:  8/8        EV:  2    Int: 17    God:
Gold:   45         SH:  0    Dex: 12    Spells: 3/9 levels left

rFire   . . .      SeeInvis .      - Unarmed
rCold   . . .      Faith    .    (no shield)
rNeg    . . .      Spirit   .    (helmet currently unavailable)
rPois   +          Reflect  .    h - amulet of magic regeneration
rElec   .          Harm     .    c - +4 ring of slaying
rCorr   .          Rampage  .    (no ring)
Will    .....      NoTele   +    (no ring)
Stlth   +.........               (no ring)
HPRegen 0.14/turn                (no ring)
MPRegen 0.51/turn                (no ring)
                                 (no ring)
                                 (no ring)

@: tree-form
A: stationary, stasis, torment immunity, boosted hp, almost no armour,
(amphibious), 8 rings, (camouflage 1), (gelatinous body 1), (nimble swimmer 1),
(tentacles)
a: no special abilities


You were on level 2 of the Dungeon.
You were a tree.
You visited 1 branch of the dungeon, and saw 2 of its levels.

You collected 45 gold pieces.

Inventory:

Jewellery
 c - a +4 ring of slaying (left branch)
 h - an amulet of magic regeneration (around neck)
Scrolls
 b - a scroll of identify
 d - 2 scrolls of immolation
 e - a scroll of magic mapping
Potions
 a - a potion of lignification
 f - a potion of magic
 g - a potion of berserk rage
 i - 3 potions of brilliance {unknown}


   Skills:
 - Level 1.0 Fighting
 - Level 2.0 Dodging
 - Level 4.0 Unarmed Combat
 + Level 3.0 Spellcasting
 + Level 3.1 Transmutations
 * Level 1.2 Poison Magic


You had 3 spell levels left.
You knew the following spells:

 Your Spells              Type           Power      Damage    Failure   Level
a - Beastly Appendage     Tmut           26%        N/A       4%          1
b - Wereblood             Tmut           13%        N/A       8%          2
c - Spider Form           Tmut/Pois      9%         N/A       22%         3

Your spell library contained the following spells:

 Spells                   Type           Power      Damage    Failure   Level
 Ice Form                 Ice/Tmut       7%         N/A       67%         4


Dungeon Overview and Level Annotations

Branches:
Dungeon (2/15)

Altars:
Yredelemnul


Innate Abilities, Weirdness & Mutations

You are a tree.
Your roots penetrate the ground, keeping you stationary.
You cannot be teleported.
You are immune to unholy pain and torment.
Your maximum health is greatly increased.
You cannot wear most types of armour.
((You are amphibious.))
You can wear up to eight rings at the same time.
((Your skin changes colour to match your surroundings (Stealth+).))
((Your rubbery body absorbs attacks. (AC +1, EV +1)))
((You are camouflaged when in or above water. (Stealth+)))
((You have tentacles for arms and can constrict up to eight enemies at once.))


Message History

You kill the gnoll!
The gnoll misses you. The gnoll closely misses you. The gnoll misses you.
Your Poison Magic skill increases to level 1!
Your transformation has ended.
Casting: Spider Form (quite dangerous; 22% risk of failure)
Confirm with . or Enter, or press ? or * to list all spells.
The spell is quite dangerous to miscast (22% risk of failure)!
Continue anyway?
You turn into a venomous arachnid creature.
Unknown command.
You hit the gnoll but do no damage. The gnoll hits you with a +0 whip.
The gnoll closely misses you.
The gnoll hits you from afar with a +0 spear!
You hit the gnoll.
The gnoll is poisoned.
The gnoll is lightly wounded.
The gnoll completely misses you. The gnoll misses you.
Unknown command.
You barely miss the gnoll.
The gnoll is lightly wounded.
The gnoll misses you. The gnoll completely misses you.
The gnoll hits you from afar with a +0 spear!
* * * LOW HITPOINT WARNING * * *
Unknown command.
Really quaff the potion of lignification?
Your transformation has ended.
You turn into a tree.
Your roots penetrate the ground.
The gnoll hits you but does no damage. The gnoll completely misses you.
The gnoll barely misses you.
Unknown command.
You smack the gnoll!
The gnoll is almost dead.
You kill the gnoll!
The gnoll hits you but does no damage. x2
Your Spellcasting skill increases to level 3!
You hit the gnoll.
The gnoll is heavily wounded.
The gnoll hits you but does no damage. x2
You hit the gnoll.
The gnoll is severely wounded.
The gnoll hits you with a +0 whip.
You die...

#........####..##.# #.#..
#.................. ...
#.........###..##.# #.#
#.........##...# .# ..
#...###.#.##.####.##..
#####.....#)#.##.##......
...........)..##.##.#..#
##..##.##.......g).....#
##..#.##.......♣.g....# .
##.#.##...####)##....#...
#.#.##..................
#...##<........)........
##..###........)........
##.###................#
#...#.#####.###.......
######.#...... #.#
......# ....##.#...##.
#.# .......


You could see 2 gnolls.

Vanquished Creatures
  5 gnolls (D:2)
  3 adders (D:2)
  2 dart slugs (D:1)
  3 endoplasms
  4 giant cockroaches (D:1)
  3 hobgoblins (D:2)
  2 jackals (D:2)
  A quokka (D:1)
  A ball python (D:1)
  5 bats (D:1)
  2 frilled lizards (D:1)
  3 goblins (D:1)
  2 kobolds (D:1)
  3 rats
39 creatures vanquished.

Vanquished Creatures (others)
  15 plants (D:2)
15 creatures vanquished.

Grand Total: 54 creatures vanquished

Notes
Turn   | Place    | Note
-------+----------+-------------------------------------------
     0 | D:1      | ytrimaz the Octopode Transmuter began the quest for the
                  | Orb.
     0 | D:1      | Reached XP level 1. HP: 13/13 MP: 3/3
   413 | D:1      | Reached XP level 2. HP: 15/18 MP: 3/5
   867 | D:1      | Found a faded altar of an unknown god.
   994 | D:1      | Reached skill level 4 in Unarmed Combat
  1096 | D:1      | Reached XP level 3. HP: 21/23 MP: 4/6
  1672 | D:2      | Found a basalt altar of Yredelemnul.
  1770 | D:2      | Reached XP level 4. HP: 23/28 MP: 7/7
  2222 | D:2      | Learned a level 2 spell: Wereblood
  2226 | D:2      | Learned a level 3 spell: Spider Form
  2248 | D:2      | Reached skill level 1 in Poison Magic
  2254 | D:2      | HP: 1/28 [gnoll/+0 spear (8)]
  2258 | D:2      | Slain by a gnoll

Illustrated notes

Levels and vault maps discovered:
D:1:      giann_wishing_wells, layout_loops_corners,
          shapermc_ecumenical_altar_notcrosses, minmay_tetromino_s4
D:2:      kennysheep_the_goblin_king, layout_basic, basic_altar, hex_large,
          nicolae_grassy_gnolls

Skill      XL: |  1  2  3  4 |
---------------+-------------+-----
Unarmed Combat | 4 |  4.0
Transmutations | 3 |  3.1
Poison Magic   | 1 |  1.2
Spellcasting   | 3 |  3.0
Fighting       | |  1.0
Dodging        | |  2.0

Action                   |  1- 3 |  4- 6 || total
-------------------------+-------+-------++-------
Melee: Unarmed           |    55 |    21 ||    76
       Constrict         |    15 |     3 ||    18
       Tentacles         |     6 |     4 ||    10
       Kick              |     6 |     2 ||     8
 Cast: Beastly Appendage |    16 |     2 ||    18
       Spider Form       |       |     2 ||     2
  Use: Scroll            |     5 |       ||     5
       Potion            |       |     1 ||     1
 Stab: Sleeping          |     4 |       ||     4
Armor: Skin              |     4 |     6 ||    10
Dodge: Dodged            |    46 |    23 ||    69

Table legend: (Time is in decaauts)
 A = Elapsed time spent in this place.
 B = Non-inter-level travel time spent in this place.
 C = Inter-level travel time spent in this place.
 D = Time resting spent in this place.
 E = Time spent auto-exploring this place.
 F = Levels seen in this place.
 G = Mean time per level.
                   A        B        C        D        E       F      G
               +--------+--------+--------+--------+--------+-----+--------+
         Total |   2252 |   2226 |     26 |    230 |   1667 |   2 | 1126.0 |
       Dungeon |   2252 |   2226 |     26 |    230 |   1667 |   2 | 1126.0 |
               +--------+--------+--------+--------+--------+-----+--------+

Top non-repeatable levels by time:
     D:1: 1433 daAuts
     D:2: 818 daAuts
